 Dungeon Crawl Stone Soup version 0.31-a0-152-g6aa68a64a1 (webtiles) character file.

Game seed: 4365678614848145149

396 qw the Shooter (level 6, -5/52 HPs)
             Began as a Minotaur Hunter on June 8, 2023.
             Killed from afar by an orc wizard (6 damage)
             ... with a magic dart
             ... on level 4 of the Dungeon.
             The game lasted 00:01:11 (3539 turns).

qw the Shooter (Minotaur Hunter)                    Turns: 3539, Time: 00:01:11

Health: -5/52      AC:  6    Str: 15    XL:     6   Next: 52%
Magic:  5/5        EV: 11    Int:  6    God:
Gold:   252        SH:  0    Dex: 16    Spells: 5/5 levels left

rFire   . . .        Y - +0 shortbow
rCold   . . .        (shield currently unavailable)
rNeg    . . .        b - +0 ring mail
rPois   .            (helmet restricted)
rElec   .            (no cloak)
rCorr   .            (no gloves)
SInv    .            c - +0 pair of boots
Will    .....        (no amulet)
Stlth   +            (no ring)
HPRegen 0.28/turn    (no ring)
MPRegen 0.09/turn

%: no passive effects
@: no status effects
A: horns 2, retaliatory headbutt
a: no special abilities


You were on level 4 of the Dungeon.
You visited 1 branch of the dungeon, and saw 5 of its levels.

You collected 252 gold pieces.


Innate Abilities, Weirdness & Mutations

You have a pair of horns on your head.
You reflexively headbutt those who attack you in melee.


   Skills:
 - Level 4.2 Fighting
 + Level 7.7 Ranged Weapons
 - Level 2.0 Armour
 - Level 2.1 Dodging
 - Level 0.7 Stealth


You had 5 spell levels left.
You didn't know any spells.
Your spell library was empty.

Inventory:

Hand Weapons
 Y - a +0 shortbow (weapon)
Armour
 b - a +0 ring mail (worn)
 c - a +0 pair of boots (worn)
Scrolls
 a - a scroll of identify
Potions
 d - a potion of might
 f - 2 potions of curing
 g - a potion of mutation
 h - a potion of brilliance {unknown}

Dungeon Overview and Level Annotations

Branches:
Dungeon (5/15)
 Temple: D:4-7

Altars:

Shops:
D:4 (


Message History

The scorpion stings you.
The orc priest hits you with a +0 flail.
The orc closely misses you.
The orc wizard hits you but does no damage.
The scorpion misses you. You furiously retaliate!
You headbutt the scorpion. You shoot an arrow. The arrow hits the orc priest.
The orc priest is heavily wounded.
The scorpion stings you.
The orc wizard hits you but does no damage.
The orc priest hits you with a +0 flail!
The orc hits you with a +0 mace.
You shoot an arrow. The arrow hits the orc priest.
The orc priest is almost dead.
The scorpion stings you. The orc priest completely misses you.
The orc hits you but does no damage.
The orc wizard gestures wildly while chanting.
The orc wizard flickers and vanishes!
Deactivating autopickup; reactivate with Ctrl-A.
You shoot an arrow. The arrow hits the orc priest.
You kill the orc priest!
The scorpion barely misses you. The orc closely misses you.
Something hits you but does no damage. The scorpion misses you.
You shoot an arrow. The arrow hits the scorpion!
The scorpion is severely wounded.
Something hits you but does no damage. The orc barely misses you.
You furiously retaliate!
You headbutt the orc. The scorpion barely misses you. Something hits you.
The orc hits you with a +0 mace.
You shoot an arrow. The arrow hits the scorpion.
You kill the scorpion!
Something hits you. The orc barely misses you.
You shoot an arrow.
The arrow hits the orc but does no damage.
The orc is heavily wounded.
The orc hits you with a +0 mace. Something hits you but does no damage.
You shoot an arrow. The arrow hits the orc.
The orc is almost dead.
You hear some strange, mumbled words.
A magic dart appears from out of thin air!
The magic dart hits you.
You die...

########.#...............# #
#........#...............# #
#.........####'#.<.......# #
#.........# #..########### #
#.........###..# #
#####..........#...#############
#................#............%%
##.############%o################
.....# #)@# ##.#.# #.{# #.#.#
#..# #.#.# #..# ###### #.#.# #..#
#..... #.#.# #..#### #.#### #.#.#
#.....# #.#... #.#.# #..##.#
#.#.## #.#.# #..##.# #.#.##


You could see an orc.

Vanquished Creatures
  A scorpion (D:4)
  3 hounds (D:4)
  A jelly (D:4)
  An orc priest (D:4)
  Jessica (D:3)
  An iguana (D:4)
  Ijyb (D:4)
  3 adders
  2 worms (D:2)
  A dart slug (D:3)
  2 orcs (D:4)
  7 bats
  3 endoplasms
  2 giant cockroaches (D:1)
  2 goblins
  7 hobgoblins
  10 jackals
  6 kobolds
  3 quokkas
  8 ball pythons
  3 frilled lizards
  A rat (D:2)
69 creatures vanquished.

Notes
Turn   | Place    | Note
-------+----------+-------------------------------------------
     0 | D:1      | qw the Minotaur Hunter began the quest for the Orb.
     0 | D:1      | Reached XP level 1. HP: 18/18 MP: 0/0
     0 | D:1      | 0 ||| qw: Version: 0.2-a-120-gdf1a93b
     0 | D:1      | 0 ||| qw: Game counter: 3129
     0 | D:1      | 0 ||| qw: Always use a shield: true
     0 | D:1      | 0 ||| qw: God list: Okawaru
     0 | D:1      | 0 ||| qw: Allow faded altars: false
     0 | D:1      | 0 ||| qw: Do Orc after D:15 true
     0 | D:1      | 0 ||| qw: Do second Lair branch before Depths: true
     0 | D:1      | 0 ||| qw: Lair rune preference: random
     0 | D:1      | 0 ||| qw: Plans: Normal
     0 | D:1      | 0 ||| PLANNING D:1-11
   179 | D:1      | Found a faded altar of an unknown god.
   194 | D:1      | 194 ||| DRINKING 2 pink potions.
   227 | D:1      | Reached XP level 2. HP: 25/25 MP: 1/1
   308 | D:1      | Reached skill level 5 in Ranged Weapons
   862 | D:1      | 862 ||| READING scroll labelled DYAM QUROLAIJ.
   863 | D:1      | 863 ||| READING scroll labelled YGAVASCH GOHE.
   864 | D:1      | 864 ||| DRINKING 3 glowing coppery potions.
   865 | D:1      | 865 ||| DROPPING scroll of butterflies.
   866 | D:1      | 866 ||| DROPPING potion of degeneration.
   895 | D:2      | Reached skill level 3 in Fighting
  1174 | D:2      | Reached XP level 3. HP: 31/31 MP: 2/2
  1342 | D:2      | 1342 ||| FLEEEEING.
  1343 | D:2      | 1343 ||| FLEEEEING.
  1344 | D:2      | 1344 ||| FLEEEEING.
  1345 | D:2      | 1345 ||| FLEEEEING.
  1346 | D:2      | 1346 ||| FLEEEEING.
  1347 | D:2      | 1347 ||| FLEEEEING.
  1348 | D:2      | 1348 ||| FLEEEEING.
  1349 | D:2      | 1349 ||| FLEEEEING.
  1350 | D:2      | 1350 ||| FLEEEEING.
  1354 | D:2      | 1354 ||| FLEEEEING.
  1731 | D:2      | 1731 ||| UPGRADING to +0 ring mail.
  1741 | D:2      | 1741 ||| DROPPING +0 leather armour.
  1742 | D:2      | 1742 ||| READING scroll labelled QOJOAK BEPHETH.
  1795 | D:2      | 1795 ||| READING scroll labelled TUARHO YSICVY.
  1796 | D:2      | 1796 ||| READING scroll labelled RUWKUM WO JET.
  1897 | D:2      | 1897 ||| DRINKING 3 white potions.
  1898 | D:2      | 1898 ||| DROPPING 2 potions of enlightenment.
  1979 | D:3      | Noticed Jessica
  1982 | D:3      | Killed Jessica
  1983 | D:3      | Reached XP level 4. HP: 38/38 MP: 3/3
  2499 | D:3      | 2499 ||| UPGRADING to +0 pair of boots.
  2504 | D:3      | 2504 ||| READING scroll labelled DUITHRODIURAD.
  2505 | D:3      | 2505 ||| READING scroll labelled CINGOXKUTS.
  2506 | D:3      | 2506 ||| READING scroll labelled OSOSSE IWOOS.
  2509 | D:3      | 2509 ||| DRINKING 2 smoky purple potions.
  2526 | D:4      | Reached skill level 6 in Ranged Weapons
  2574 | D:4      | Reached XP level 5. HP: 45/46 MP: 4/4
  2753 | D:4      | Found Yckunig's Weapon Shop.
  2788 | D:4      | Noticed Ijyb
  2802 | D:4      | Killed Ijyb
  2997 | D:4      | Reached skill level 7 in Ranged Weapons
  2997 | D:4      | Reached XP level 6. HP: 52/52 MP: 5/5
  3397 | D:4      | 3397 ||| READING 2 scrolls labelled ZAONAU JUORUJ.
  3398 | D:4      | 3398 ||| READING 2 scrolls of identify.
  3398 | D:4      | 3398 ||| IDENTIFYING sedimented black potion
  3399 | D:4      | 3399 ||| DROPPING scroll of poison.
  3401 | D:4      | 3401 ||| Stepping ~*~*~tactically~*~*~ (cloud).
  3527 | D:5      | Entered Level 5 of the Dungeon
  3530 | D:5      | 3530 ||| STAIRDANCE
  3534 | D:4      | HP: 9/52 [scorpion (5)]
  3536 | D:4      | HP: 4/52 [orc/+0 mace (3)]
  3538 | D:4      | HP: 1/52 [orc/+0 mace (2)]
  3539 | D:4      | Killed from afar by an orc wizard

Levels and vault maps discovered:
D:1:      minmay_arrival_semitransparent, layout_basic, serial_rivers,
          chequers_serial_rivers_small_a, chequers_serial_rivers_micro_a,
          chequers_serial_rivers_large_a, chequers_serial_rivers_large_b,
          chequers_serial_rivers_micro_c, chequers_serial_rivers_micro_e,
          shapermc_ecumenical_altar_gd
D:2:      layout_loops_corners
D:3:      layout_basic, serial_curves, eino_curves_01, eino_curves_02,
          uniq_jessica
D:4:      layout_basic, serial_shops, kennysheep_little_box,
          hangedman_abyss_or_decor_lesser_grid, uniq_ijyb
D:5:      layout_basic, serial_shops, nicolae_shop_bloodbath_and_beyond,
          kennysheep_small_circle, uniq_crazy_yiuf_cottage, uniq_duvessa

Skill      XL: |  1  2  3  4  5 |
---------------+----------------+-----
Ranged Weapons | 5 6 7 |  7.7
Fighting       | 3 4 |  4.2
Armour         | 2 |  2.0
Dodging        | |  2.1
Stealth        | |  0.7

Action                     |  1- 3 |  4- 6 || total
---------------------------+-------+-------++-------
   Fire: Shortbow          |   103 |   113 ||   216
    Use: Potion            |     3 |     1 ||     4
         Scroll            |     5 |     5 ||    10
 Armour: Leather armour    |    13 |       ||    13
         Ring mail         |     1 |    26 ||    27
  Dodge: Dodged            |    23 |    45 ||    68

Table legend:
 A = Non-vault XP
 B = Vault XP
 C = Vault XP percentage of total XP
 D = Non-vault monster count
 E = Vault monster count
 F = Vault count percentage of total count
                 A         B        C        D         E       F
            +---------+---------+-------+---------+---------+-------
      Total |     407 |     160 |  28.2 |      66 |       3 |   4.3
            +---------+---------+-------+---------+---------+-------
        D:1 |      26 |       0 |   0.0 |      14 |       0 |   0.0
        D:2 |      54 |       0 |   0.0 |      23 |       0 |   0.0
        D:3 |      19 |      37 |  66.1 |       9 |       1 |  10.0
        D:4 |     308 |     123 |  28.5 |      20 |       2 |   9.1
            +---------+---------+-------+---------+---------+-------
